 Dungeon Crawl Stone Soup version 0.29.1-2-gbd0b4ee654 (webtiles) character file.

Game seed: 17658199557438714202

24 styxcanada the Sneak (level 2, -6/15 HPs)
             Began as a Spriggan Brigand on Nov 3, 2022.
             Splashed by a jelly's acid (9 damage)
             ... on level 1 of the Dungeon.
             The game lasted 00:03:29 (1145 turns).

styxcanada the Sneak (Spriggan Brigand)             Turns: 1145, Time: 00:03:31

Health: -6/15      AC: -1    Str: 13    XL:     2   Next: 79%
Magic:  3/3        EV: 17    Int: 12    God:
Gold:   44         SH:  0    Dex: 16    Spells: 1/1 levels left

rFire   . . .      SeeInvis +   a - +2 dagger
rCold   . . .      Faith    .   (no shield)
rNeg    . . .      Spirit   .   b - +0 robe
rPois   .          Reflect  .   (helmet restricted)
rElec   .          Harm     .   c - +0 cloak
rCorr   .          Rampage  .   (gloves unavailable)
Will    .....                   (boots unavailable)
Stlth   +++.......              (no amulet)
HPRegen 0.05/turn               i - +6 ring of strength
MPRegen 0.08/turn               (no ring)

@: corroded, very quick
A: very small, no large weapons, unfitting armour, see invisible, speed 3
a: no special abilities


You were on level 1 of the Dungeon.
You visited 1 branch of the dungeon, and saw 1 of its levels.

You collected 44 gold pieces.

Inventory:

Hand Weapons
 a - a +2 dagger (weapon)
Missiles
 d - 9 poisoned darts (quivered)
 e - 3 curare-tipped darts
 f - 28 stones
Armour
 b - a +0 robe (worn)
 c - a +0 cloak (worn)
Jewellery
 i - a +6 ring of strength (left hand)
 l - a ring of ice
Scrolls
 g - a scroll of fear {unknown}
 h - a scroll of enchant weapon {unknown}
 j - a scroll of teleportation {unknown}
 k - a scroll of vulnerability {unknown}
 m - a scroll of identify {unknown}


   Skills:
 * Level 1.9 Fighting
 + Level 2.2 Short Blades
 + Level 2.0 Throwing
 * Level 1.9 Dodging
 * Level 6.7 Stealth


You had one spell level left.
You didn't know any spells.
Your spell library contained the following spells:

 Spells                   Type           Power      Damage    Failure   Level
 Passage of Golubria      Tloc           0%         N/A       97%         4
 Silence                  Hex/Air        0%         N/A       100%        5
 Lehudib's Crystal Spear  Conj/Erth      0%         10d2      100%        8


Dungeon Overview and Level Annotations

Branches:
Dungeon (1/15)

Altars:
Jiyva


Innate Abilities, Weirdness & Mutations

You are very small and have problems with some larger weapons.
You are too small for most types of armour.
You have supernaturally acute eyesight. (SInv)
You cover ground extremely quickly. (Speed+++)


Message History

You are frozen.
You hit the endoplasm.
You kill the endoplasm!
The ball python misses you. The ball python grabs you.
The ball python constricts you.
You escape the ball python's grasp.
The ball python closely misses you. The ball python misses you.
You barely miss the ball python. The ball python bites you.
The ball python grabs you. The ball python constricts you.
* * * LOW HITPOINT WARNING * * *
You escape the ball python's grasp.
A ball python is nearby!
You hit the ball python but do no damage.
The ball python bites you but does no damage.
The ball python grabs you. The ball python constricts you.
* * * LOW HITPOINT WARNING * * *
You hit the ball python.
You kill the ball python!
You see here a ball python corpse.
Throw: 9 darts (poison)
Press: ? - help, Q - select action, (/) - cycle Shift-Dir - straight line, f - hobgoblin
Aim: a hobgoblin (60% to hit)
You throw a poisoned dart. The poisoned dart hits the hobgoblin!
The hobgoblin is poisoned.
You kill the hobgoblin!
You see here a hobgoblin corpse.
d - 9 poisoned darts (gained 1)
You see here a ball python corpse.
You start resting.
A jelly is nearby!
The jelly quivers.
The jelly barely misses you.
The endoplasm quivers.
You hit the jelly.
Your hands burn!
The jelly is moderately wounded.
The jelly hits you.
* * * LOW HITPOINT WARNING * * *
The acid corrodes you!
You are splashed with acid!
Ouch! That really hurt!
You die...

.........))..##### #####....)÷...
....#.#.)....#######..J.....)....
.............#..................>
.....#...........................
....#.#.............##...........
...#._.#..##...##................
....#.#..........................
.....#..........J..#####.......)#
..........#####.@)#######......##
............##........####.##.##
...............†.........#.##.##
################........†..##..#
♣♣♣♣♣♣♣♣♣♣♣♣♣♣♣###############S#
♣..♣...♣.....................#.#
♣♣...♣....♣....♣.............#J#
♣..♣..♣..♣♣...♣......JJ###...#g#
..♣♣.♣♣.............JJJJ..g..#.#


You could see a jelly and an endoplasm.

Vanquished Creatures
  An endoplasm (D:1)
  6 goblins (D:1)
  3 hobgoblins (D:1)
  4 ball pythons (D:1)
  3 bats (D:1)
  A frilled lizard (D:1)
  3 kobolds (D:1)
  4 rats (D:1)
25 creatures vanquished.

Notes
Turn   | Place    | Note
-------+----------+-------------------------------------------
     0 | D:1      | styxcanada the Spriggan Brigand began the quest for the
                  | Orb.
     0 | D:1      | Reached XP level 1. HP: 10/10 MP: 2/2
    31 | D:1      | Reached skill level 6 in Stealth
    33 | D:1      | Found a large runed translucent door.
    33 | D:1      | Found a large runed translucent door.
    50 | D:1      | Noticed a jelly
    52 | D:1      | Found a viscous altar of Jiyva.
    53 | D:1      | Noticed a jelly
    53 | D:1      | Noticed a jelly
    53 | D:1      | Noticed a jelly
    53 | D:1      | Noticed a jelly
    53 | D:1      | Noticed a jelly
   252 | D:1      | Reached XP level 2. HP: 10/15 MP: 3/3
   587 | D:1      | Found a faded altar of an unknown god.
  1145 | D:1      | Splashed by a jelly's acid

Illustrated notes

Levels and vault maps discovered:
D:1:      erik_arrival_cave_to_civilisation [erik_arrival_cave_to_temple],
          layout_rooms, chequers_ecumenical_altar_simple_redux, minivault_24

Skill      XL: |  1 |
---------------+----+-----
Stealth        | 6 |  6.7
Fighting       | |  1.9
Short Blades   | |  2.2
Throwing       | |  2.0
Dodging        | |  1.9

Action                   || total
-------------------------++-------
Melee: Dagger            ||    62
Throw: Dart              ||     1
 Stab: Sleeping          ||     3
       Distracted        ||     1
Armor: Robe              ||    14
Dodge: Dodged            ||    67
